Map: Triton LE

Players

Julles

  • Race: Terran Terran
  • Spawn Location: 5:00

VOD

https://www.youtube.com/watch?v=EGUQsUhDvug

Description

German: TvX (not TvT) build order for lower leagues (below 5K MMR). German language, not English.

Time

  • Played on: Oct. 24, 2019, 11:31 a.m.
  • Length: 10:40
Show
View Real Time Build Order
Export as new Build Order

Julles Terran 

Build Orders:  

Get SALT Encoding   

  12  0:01  SCV  
  13  0:18  SCV  
  14  0:24  Supply Depot  
  14  0:35  SCV  
  15  0:40  Refinery  
  15  0:54  SCV  
  16  1:02  Barracks  
  16  1:11  SCV  
  17  1:28  SCV  
  18  1:45  SCV  
  19  2:08  Orbital Command  
  19  2:15  Reaper  
  20  2:24  Command Center  
  20  2:40  Factory  
  20  2:45  SCV  
  21  2:58  Supply Depot  
  21  2:59  Barracks Reactor  
  21  3:04  SCV  
  22  3:11  Refinery  
  22  3:21  SCV  
  23  3:36  Barracks  
  23  3:38  SCV  
  24  3:49  Factory Tech Lab  
  24  3:55  SCV  
  25  4:01  Marine x2  
  25  4:08  Orbital Command  
  27  4:12  SCV  
  27  4:22  Siege Tank  
  27  4:29  SCV  
  31  4:30  Marine  
  31  4:31  Marine  
  33  4:44  Bunker  
  33  4:45  SCV  
  33  4:46  SCV  
  35  4:51  Barracks Tech Lab  
  35  4:58  Marine  
  36  5:00  Marine  
  36  5:02  SCV  
  36  5:03  SCV  
  36  5:04  Stimpack  
  36  5:09  Supply Depot  
  39  5:19  Siege Tank  
  42  5:20  SCV  
  42  5:23  Marine  
  42  5:24  SCV  
  45  5:32  Marine  
  45  5:39  Marine  
  47  5:41  Supply Depot  
  47  5:45  Supply Depot  
  47  5:46  SCV  
  47  5:49  SCV  
  49  5:59  Marine x2  
  51  6:03  SCV  
  52  6:11  Siege Tank  
  52  6:14  Starport  
  52  6:18  Supply Depot  
  55  6:22  Marine  
  55  6:24  Marine, SCV x2  
  55  6:28  Marine  
  60  6:41  SCV, Supply Depot  
  60  6:42  SCV  
  60  6:47  Marine  
  60  6:48  Refinery  
  60  6:49  Marine  
  64  6:51  Refinery  
  64  6:53  Marine  
  64  6:57  SCV  
  64  6:58  Siege Tank  
  69  7:04  Starport Reactor  
  69  7:07  SCV  
  70  7:12  Marine  
  70  7:14  SCV  
  70  7:16  Marine, Supply Depot  
  73  7:24  SCV  
  73  7:26  Marine  
  75  7:31  SCV  
  75  7:37  Marine  
  77  7:41  Marine, SCV  
  77  7:45  Supply Depot  
  77  7:48  SCV  
  77  7:49  Supply Depot  
  80  7:51  Marine  
  80  7:52  Siege Tank  
  80  7:54  Unknown  
  80  7:57  Siege Tank x4  
  80  7:58  Medivac, SCV  
  87  8:02  Medivac  
  87  8:05  Marine, SCV  
  87  8:06  Marine  
  92  8:14  Supply Depot  
  92  8:26  Command Center  
  92  8:29  SCV x2  
  94  8:33  Marine x3  
  97  8:51  Medivac, Siege Tank  
  97  8:52  Medivac  
  97  8:55  SCV  
  97  8:56  SCV  
  97  8:58  Marine x3  
  108  9:04  Supply Depot  
  108  9:06  Engineering Bay  
  108  9:11  Engineering Bay  
  108  9:16  Siege Tank x2  
  108  9:17  Siege Tank x3  
  108  9:18  Barracks  
  108  9:22  Barracks  
  108  9:23  Marine  
  108  9:25  SCV x2  
  111  9:47  Marine x2  
  111  9:48  Medivac x2, Siege Tank, Marine  
  121  10:10  Armory  
  121  10:12  Marine x2  
  121  10:16  Supply Depot  
  126  10:31  Barracks Reactor x2  
Tags
 
Matchup
Co-op
Add a new tag
Caveats
  • Supply blocks, unpowered buildings, or Contaminate may cause inaccurate times.
  • Supply counts are checked every 10 seconds.